 Dungeon Crawl Stone Soup version 0.26-a0-837-g5a8a614f01 (webtiles) character file.

Game seed: 81996172338340332

57 Decritt the Skirmisher (level 4, 29/29 HPs)
             Began as a Gargoyle Fighter on Nov 18, 2020.
             Quit the game on level 2 of the Dungeon.
             The game lasted 00:03:05 (897 turns).

Decritt the Skirmisher (Gargoyle Fighter)            Turns: 897, Time: 00:03:05

Health: 29/29      AC: 10    Str: 20    XL:     4   Next: 0%
Magic:  4/4        EV:  7    Int:  9    God:
Gold:   55         SH:  9    Dex:  9    Spells: 3/3 levels left

rFire    . . .     SeeInvis .   a - +0 flail
rCold    . . .     Faith    .   c - +0 kite shield
rNeg     + . .     Spirit   .   b - +0 scale mail
rPois    ∞         Reflect  .   (no helmet)
rElec    +         Harm     .   (no cloak)
rCorr    .         Rampage  .   (no gloves)
MR       .....                  (no boots)
Stlth    ..........             (no amulet)
HPRegen  0.09/turn              (no ring)
MPRegen  0.09/turn              (no ring)

@: no status effects
A: negative energy resistance 1, electricity resistance, unbreathing,
petrification resistance, rot immunity, AC +3
a: no special abilities


You were on level 2 of the Dungeon.
You visited 1 branch of the dungeon, and saw 2 of its levels.

You collected 55 gold pieces.

Inventory:

Hand Weapons
 a - a +0 flail (weapon)
Armour
 b - a +0 scale mail (worn)
 c - a +0 kite shield (worn)
Scrolls
 e - a scroll of enchant armour {unknown}
 f - a scroll of identify {unknown}
 h - a scroll of magic mapping {unknown}
 i - a scroll of remove curse {unknown}
 j - a scroll of immolation {unknown}
Potions
 d - a potion of might
 g - a potion of brilliance {unknown}
 k - a potion of attraction {unknown}


   Skills:
 + Level 3.8 Fighting
 * Level 3.0 Maces & Flails
 + Level 3.7 Armour
 + Level 3.7 Shields


You had 3 spell levels left.
You didn't know any spells.
Your spell library was empty.

Dungeon Overview and Level Annotations

Branches:
Dungeon (2/15)

Altars:


Innate Abilities, Weirdness & Mutations

You are resistant to torment.
Your stone body is resilient. (AC +3)
You are immune to poison.
You resist negative energy. (rN+)
You are resistant to electric shocks. (rElec)
You can survive without breathing.
You are immune to petrification.
You are immune to rotting.


Message History

You barely miss the bat. You block the bat's attack. The bat barely misses you.
You closely miss the bat. The bat hits you but does no damage.
You block the bat's attack.
You barely miss the bat. The bat hits you but does no damage.
You closely miss the bat. You block the bat's attack.
The bat hits you but does no damage.
You barely miss the bat. You block the bat's attack.
The bat hits you but does no damage.
You closely miss the bat. You block the bat's attack. x2
You closely miss the bat. You block the bat's attack.
The bat hits you but does no damage. x2
You sock the bat!
You kill the bat!
You have reached level 4!
You feel clever.
Things that are here:
a +1 dagger of venom; a goblin corpse You now have 55 gold pieces (gained 5).
k - a purple potion Are you sure you want to abandon this character and quit the game? (Confirm with "yes".)

#.# #...
...##########
............#
#........@#
#.........#
#.........#
#...).....#
+.........#
##.........#
#..........#
#.#.#+######
### #.#...#
#<#


There were no monsters in sight!

Vanquished Creatures
  An adder (D:2)
  2 oozes (D:1)
  3 dart slugs (D:1)
  A leopard gecko (D:2)
  2 giant cockroaches (D:1)
  2 hobgoblins (D:1)
  3 jackals (D:1)
  3 kobolds (D:1)
  A quokka (D:2)
  4 bats
  3 frilled lizards (D:1)
  3 goblins
  3 rats (D:1)
31 creatures vanquished.

Notes
Turn   | Place    | Note
-------+----------+-------------------------------------------
     0 | D:1      | Decritt the Gargoyle Fighter began the quest for the Orb.
     0 | D:1      | Reached XP level 1. HP: 14/14 MP: 1/1
    86 | D:1      | Reached XP level 2. HP: 18/19 MP: 2/2
   287 | D:1      | Reached XP level 3. HP: 21/23 MP: 3/3
   888 | D:2      | Reached XP level 4. HP: 29/29 MP: 4/4
   897 | D:2      | Quit the game

Illustrated notes

Levels and vault maps discovered:
D:1:      wheals_arrival_linesprint, layout_basic
D:2:      minmay_evil_eye, layout_basic, uniq_sigmund

Skill      XL: |  1  2  3 |
---------------+----------+-----
Maces & Flails | 3 |  3.0
Fighting       | |  3.8
Armour         | |  3.7
Shields        | |  3.7

Action                   |  1- 3 |  4- 6 || total
-------------------------+-------+-------++-------
Melee: Flail             |    88 |       ||    88
Throw: Stone             |    16 |       ||    16
Armor: Scale mail        |    59 |       ||    59
Dodge: Dodged            |    39 |       ||    39
Block: Kite shield       |    65 |       ||    65

Table legend: (Time is in decaauts)
 A = Elapsed time spent in this place.
 B = Non-inter-level travel time spent in this place.
 C = Inter-level travel time spent in this place.
 D = Time resting spent in this place.
 E = Time spent auto-exploring this place.
 F = Levels seen in this place.
 G = Mean time per level.
                   A        B        C        D        E       F      G
               +--------+--------+--------+--------+--------+-----+--------+
         Total |    930 |    880 |     50 |      0 |    639 |   2 |  465.0 |
       Dungeon |    930 |    880 |     50 |      0 |    639 |   2 |  465.0 |
               +--------+--------+--------+--------+--------+-----+--------+

Top non-repeatable levels by time:
     D:1: 839 daAuts
     D:2: 91 daAuts
